Map: World of Sleepers LE

Players

Classic - Winner!

  • Race: Protoss Protoss
  • Spawn Location: 7:00

Rogue

  • Race: Zerg Zerg
  • Spawn Location: 1:00

Event: 2019 WCS Global FInals

VOD

Have the link to the VOD?

Description

Time

  • Played on: Nov. 1, 2019, 7:07 p.m.
  • Length: 9:59

All games in this series

Show
View Real Time Build Order
Export as new Build Order

Classic Protoss - Winner!

Build Orders: 1 Gate Expand, Archon Immortal, Dark Templar Rush 

Get SALT Encoding   

  12  0:00  Probe  
  13  0:12  Probe  
  14  0:18  Pylon  
  14  0:24  Probe (Chrono Boost)  
  15  0:36  Probe (Chrono Boost)  
  15  0:39  Gateway  
  16  0:45  Probe (Chrono Boost)  
  16  0:46  Assimilator  
  17  0:51  Probe  
  18  1:03  Probe  
  19  1:15  Probe  
  20  1:23  Nexus  
  20  1:28  Probe  
  21  1:37  Cybernetics Core  
  21  1:40  Probe  
  21  1:45  Assimilator  
  22  1:52  Pylon  
  22  1:54  Probe  
  23  2:10  Probe  
  23  2:11  Adept (Chrono Boost)  
  23  2:14  Warp Gate  
  26  2:18  Twilight Council  
  26  2:23  Pylon  
  26  2:27  Probe (Chrono Boost)  
  27  2:34  Stalker  
  29  2:38  Probe (Chrono Boost)  
  31  2:47  Probe (Chrono Boost)  
  31  2:48  Probe (Chrono Boost)  
  32  2:53  Probe (Chrono Boost)  
  32  2:56  Dark Shrine  
  34  3:02  Probe (Chrono Boost)  
  34  3:04  Probe (Chrono Boost)  
  35  3:10  Probe (Chrono Boost)  
  35  3:11  Probe (Chrono Boost)  
  37  3:13  Gateway  
  37  3:19  Probe  
  38  3:22  Probe  
  38  3:23  Gateway  
  41  3:30  Assimilator  
  41  3:32  Probe  
  41  3:34  Probe (Chrono Boost)  
  43  3:35  Assimilator  
  43  3:40  Robotics Facility  
  41  3:44  Probe (Chrono Boost)  
  43  3:48  Pylon  
  43  3:52  Probe (Chrono Boost)  
  43  3:54  Probe (Chrono Boost)  
  44  3:59  Probe x2 (Chrono Boost)  
  46  4:07  Dark Templar, Pylon  
  46  4:08  Dark Templar  
  50  4:11  Probe x2  
  52  4:17  Dark Templar  
  52  4:20  Pylon  
  52  4:22  Gateway  
  54  4:25  Shadow Stride (Chrono Boost)  
  54  4:27  Observer  
  55  4:32  Probe x2  
  57  4:48  Warp Prism (Chrono Boost)  
  57  4:54  Gateway  
  57  4:56  Gateway  
  57  5:04  Dark Templar x2  
  61  5:07  Dark Templar  
  61  5:10  Forge  
  63  5:20  Dark Templar  
  65  5:35  Pylon  
  65  5:37  Dark Templar x2  
  65  5:41  Zealot  
  65  5:42  Nexus  
  71  5:50  Zealot x2  
  71  5:53  Zealot  
  71  5:55  Pylon  
  77  5:58  Protoss Ground Weapons Level 1 (Chrono Boost)  
  77  6:02  Charge  
  77  6:07  Immortal  
  80  6:14  Pylon  
  80  6:16  Dark Templar  
  80  6:17  Zealot x4  
  88  6:34  Pylon  
  88  6:38  Pylon  
  88  6:40  Archon x4  
  88  6:45  Immortal (Chrono Boost)  
  88  6:51  Nexus  
  88  6:52  Sentry  
  94  6:54  Pylon  
  94  6:59  Sentry x2  
  98  7:03  Sentry  
  100  7:11  Pylon  
  100  7:14  Immortal (Chrono Boost)  
  100  7:15  Unknown  
  104  7:30  Probe  
  104  7:31  Probe  
  106  7:38  Gateway  
  106  7:40  Gateway  
  106  7:42  Pylon  
  106  7:43  Immortal (Chrono Boost)  
  106  7:48  Pylon  
  110  8:02  Dark Templar x2  
  110  8:03  Dark Templar  
  116  8:09  Dark Templar, Archon, Photon Cannon  
  117  8:14  Archon  
  117  8:15  Zealot x2  
  121  8:23  Pylon  
  121  8:37  Dark Templar x3  
  121  8:38  Dark Templar  
  121  8:40  Zealot x3  
  134  8:42  Archon x2  
  134  8:44  Zealot  
  115  9:06  Zealot x4  
  115  9:09  Zealot  
  115  9:14  Dark Templar  
  115  9:15  Zealot x2  
  121  9:30  Sentry x3  
  121  9:31  Zealot x2  
Show
View Real Time Build Order
Export as new Build Order

Rogue Zerg 

Build Orders: Hatch First 

Get SALT Encoding   

  12  0:00  Drone  
  13  0:12  Overlord  
  13  0:17  Drone  
  14  0:30  Drone x2  
  16  0:48  Hatchery  
  15  0:51  Drone  
  15  0:55  Drone  
  17  0:58  Drone  
  18  1:09  Extractor  
  17  1:13  Spawning Pool  
  17  1:17  Drone  
  17  1:20  Drone  
  18  1:28  Drone  
  19  1:38  Drone  
  20  1:50  Overlord  
  20  2:00  Queen x2  
  20  2:01  Zergling x4  
  26  2:11  Drone x2  
  26  2:13  Metabolic Boost  
  28  2:21  Drone  
  29  2:23  Drone  
  30  2:32  Drone x2  
  32  2:41  Hatchery  
  31  2:46  Queen  
  33  2:51  Overlord  
  33  2:55  Drone  
  33  2:58  Drone x2  
  36  3:11  Drone  
  36  3:12  Drone x4  
  41  3:17  Overlord  
  41  3:20  Drone  
  41  3:25  Spore Crawler  
  41  3:29  Queen, Pneumatized Carapace  
  41  3:32  Drone  
  44  3:34  Overlord  
  44  3:42  Zergling x6  
  44  3:44  Drone  
  44  3:47  Roach Warren  
  47  3:52  Drone  
  48  3:59  Queen  
  48  4:00  Drone x3  
  53  4:05  Drone  
  53  4:06  Drone x4  
  58  4:12  Spore Crawler  
  58  4:14  Overlord  
  58  4:15  Drone  
  58  4:24  Spore Crawler  
  58  4:25  Zergling x10  
  58  4:28  Overlord  
  62  4:36  Drone  
  61  4:47  Drone x6  
  61  4:48  Drone x2  
  68  4:54  Overlord  
  68  4:57  Lair  
  68  5:00  Overlord  
  68  5:03  Overlord  
  68  5:05  Overlord  
  68  5:10  Extractor  
  68  5:11  Overlord, Extractor  
  68  5:14  Drone x4  
  67  5:20  Drone x3, Extractor  
  71  5:23  Extractor  
  71  5:27  Roach  
  71  5:28  Roach x3  
  78  5:31  Roach  
  80  5:36  Roach  
  80  5:40  Overlord  
  82  5:46  Roach  
  82  5:48  Zergling x16  
  92  5:55  Glial Reconstitution  
  92  5:57  Overlord  
  92  5:58  Overseer  
  92  6:00  Roach  
  92  6:01  Drone x3  
  92  6:02  Drone x3  
  100  6:08  Roach  
  102  6:14  Roach x2  
  102  6:15  Spine Crawler x2  
  104  6:19  Roach  
  92  6:35  Hatchery  
  91  6:42  Lair  
  91  6:48  Roach x4  
  91  6:50  Roach  
  101  6:59  Roach x3  
  107  7:02  Roach  
  107  7:03  Roach  
  111  7:17  Overlord  
  111  7:29  Overlord, Roach x2  
  115  7:30  Overlord x2  
  115  7:34  Evolution Chamber, Extractor  
  115  7:35  Drone x3  
  116  7:38  Overlord  
  116  7:43  Ravager x6  
  120  7:46  Drone, Overseer  
  120  7:49  Drone  
  120  7:51  Drone x2  
  124  7:54  Drone  
  124  8:04  Drone  
  124  8:05  Drone x5  
  130  8:10  Drone x2  
  132  8:14  Roach  
  132  8:19  Roach x2  
  142  8:20  Roach x2  
  142  8:21  Ravager  
  142  8:31  Roach x5  
  153  8:34  Ravager  
  153  8:37  Roach  
  153  8:38  Roach  
  157  8:42  Overlord  
  157  8:43  Overlord x2  
  155  8:51  Overlord  
  153  9:00  Roach x4  
  153  9:02  Roach  
  147  9:08  Roach  
  147  9:09  Roach x4  
  129  9:13  Roach  
  129  9:14  Roach  
  129  9:16  Ravager x3  
  126  9:19  Roach x2  
  126  9:20  Roach  
  126  9:21  Zergling x2  
  126  9:22  Roach  
  125  9:26  Roach x2  
  125  9:29  Roach  
  119  9:32  Roach  
  119  9:35  Roach  
  119  9:37  Roach  
Tags
 
Add a new tag
Caveats
  • Supply blocks, unpowered buildings, or Contaminate may cause inaccurate times.
  • Supply counts are checked every 10 seconds.